 Dungeon Crawl Stone Soup version 0.23-a0-319-gb40ba49 (webtiles) character file.

35 RoseArtemis the Skirmisher (level 3, 0/29 HPs)
             Began as a Demonspawn Abyssal Knight on Oct 14, 2018.
             Was a Follower of Lugonu.
             Slain by an adder (5 damage)
             ... on level 2 of the Dungeon.
             The game lasted 00:04:48 (1609 turns).

RoseArtemis the Skirmisher (DsAK)                   Turns: 1609, Time: 00:04:49

Health: 0/29       AC:  3    Str: 13    XL:     3   Next: 17%
Magic:  5/5        EV: 11    Int: 18    God:    Lugonu [*.....]
Gold:   54         SH:  0    Dex: 12    Spells: 2/2 levels left

rFire    . . .     SeeInvis .   a - +1 hand axe
rCold    . . .     Gourm    .   (no shield)
rNeg     . . .     Faith    .   b - +0 leather armour
rPois    .         Spirit   .   (no helmet)
rElec    .         Reflect  .   (no cloak)
rCorr    .         Harm     .   (no gloves)
MR       .....                  (no boots)
Stlth    +.........             (no amulet)
HPRegen  0.09/turn              (no ring)
MPRegen  0.09/turn              g - ring of flight

@: brilliant, lethally poisoned (0 -> -3)
A: claws 1
a: Depart the Abyss, Renounce Religion, Evoke Flight


You were on level 2 of the Dungeon.
You worshipped Lugonu.
Lugonu was aware of your devotion.
You were not hungry.

You visited 1 branch of the dungeon, and saw 2 of its levels.
You visited the Abyss 1 time.

You collected 54 gold pieces.

Inventory:

Hand Weapons
 a - a +1 hand axe (weapon)
Missiles
 d - 48 stones (quivered)
Armour
 b - a +0 leather armour (worn)
Jewellery
 g - a ring of flight (right claw)
Scrolls
 e - 2 scrolls of remove curse
 h - a scroll of identify {unknown}
 i - a scroll of fear {unknown}
 j - 2 scrolls of amnesia {unknown}
Potions
 l - a potion of lignification {unknown}
 m - a potion of brilliance
Comestibles
 c - 3 rations
 f - a chunk of flesh


   Skills:
 + Level 3.3 Fighting
 * Level 2.4 Axes
 + Level 2.1 Armour
 - Level 0.8 Dodging
 + Level 3.0 Invocations


You had 2 spell levels left.
You didn't know any spells.
Your spell library was empty.

Dungeon Overview and Level Annotations

Branches:
Dungeon (2/15)

Altars:
Okawaru
Uskayaw
Yredelemnul


Innate Abilities, Weirdness & Mutations

You have sharp fingernails.


Message History

You are more poisoned.
The adder poisons you!
It was a potion of brilliance.
You feel clever all of a sudden.
* * * LOW HITPOINT WARNING * * *
You feel sick. The adder bites you.
* * * LOW HITPOINT WARNING * * *
It was a potion of curing.
You feel better. The adder bites you.
* * * LOW HITPOINT WARNING * * *
You are poisoned.
The adder poisons you!
You hit the adder.
You feel sick. The adder bites you but does no damage. The adder bites you.
* * * LOW HITPOINT WARNING * * *
You completely miss the adder. The adder bites you but does no damage.
You miss the adder.
You feel sick. The adder bites you.
* * * LOW HITPOINT WARNING * * *
The adder barely misses you.
You closely miss the adder. The adder bites you.
You die...

#..... #.. #.....
#####... ####
#.....
##...##.##...##
#.....
#.8.8.#.#.8.8.#
#.....
#.._..#.#.._..#
#.....
#.8...#.#...8.#
####..
##...'#.#S...# ###
...#####..@#####..+
..
.........⌠........#
##
...#####...#####..#
+#.#'†..# #.#...8.#
#.#.._..# #.#.8.8.#
##.##...##
#...#####


You could see an adder.

Vanquished Creatures
  A worm (D:1)
  2 leopard geckos (D:1)
  7 bats
  2 giant cockroaches
  3 goblins
  3 hobgoblins
  A quokka (D:2)
  6 kobolds
  3 rats (D:1)
28 creatures vanquished.

Notes
Turn   | Place    | Note
-------+----------+-------------------------------------------
     0 | Abyss:1  | RoseArtemis the Demonspawn Abyssal Knight began the quest
                  | for the Orb.
     0 | Abyss:1  | Reached XP level 1. HP: 18/18 MP: 2/2
    18 | Abyss:1  | Found a corrupted altar of Lugonu.
    19 | D:1      | Escaped the Abyss
   221 | D:1      | Reached * piety under Lugonu
   326 | D:1      | Gained mutation: You have sharp fingernails. [demonic
                  | ancestry]
   326 | D:1      | Reached XP level 2. HP: 24/24 MP: 4/4
  1238 | D:2      | Reached XP level 3. HP: 29/29 MP: 5/5
  1510 | D:2      | Found a basalt altar of Yredelemnul.
  1582 | D:2      | Found an iron altar of Okawaru.
  1592 | D:2      | Found a hide-covered altar of Uskayaw.
  1604 | D:2      | HP: 1/29 [adder (1)]
  1609 | D:2      | Slain by an adder

Vault maps used:
D:1:      minmay_arrival_shattered_statue
D:2:      grunt_temple_overflow_cloverleaf

Skill      XL: |  1  2  3 |
---------------+----------+-----
Axes           | 2 |  2.4
Armour         | 2 |  2.1
Invocations    | 3 |  3.0
Fighting       | |  3.3
Dodging        | |  0.8

Action                   || total
-------------------------++-------
Melee: Hand axe          ||   101
Throw: Stone             ||    33
Invok: Depart the Abyss  ||     1
  Use: Scroll            ||     2
       Potion            ||     2
  Eat: Chunk             ||     2
Armor: Leather armour    ||    43
Dodge: Dodged            ||    69

Table legend:
 A = Non-vault XP
 B = Vault XP
 C = Vault XP percentage of total XP
 D = Non-vault monster count
 E = Vault monster count
 F = Vault count percentage of total count
                 A         B        C        D         E       F
            +---------+---------+-------+---------+---------+-------
      Total |      51 |       0 |   0.0 |      28 |       0 |   0.0
            +---------+---------+-------+---------+---------+-------
        D:1 |      34 |       0 |   0.0 |      17 |       0 |   0.0
        D:2 |      17 |       0 |   0.0 |      11 |       0 |   0.0
            +---------+---------+-------+---------+---------+-------
